 Dungeon Crawl Stone Soup version 0.27.1-33-g824d729ab1 (webtiles) character file.

Game seed: 11825312796623244556

3877672 Hortimo the Heavyweight Champion (level 27, 276/276 HPs)
             Began as a Troll Delver on Dec 24, 2021.
             Was an Initiate of Gozag.
             Escaped with the Orb
             ... and 5 runes on Dec 25, 2021!
             The game lasted 05:50:38 (53433 turns).

Hortimo the Heavyweight Champion (Troll Delver)    Turns: 53433, Time: 05:50:39

Health: 276/276    AC: 39    Str: 38    XL:     27
Magic:  22/22      EV: 12    Int:  7    God:    Gozag
Gold:   756        SH: 35    Dex:  9    Spells: 24/26 levels left

rFire    + + .     SeeInvis .     - Unarmed
rCold    . . .     Faith    .   N - +7 tower shield {rPois}
rNeg     + + +     Spirit   .   u - +13 shadow dragon scales "Rooceun" {Rampage rElec Will+ Stlth++++}
rPois    +         Reflect  +   V - +2 hat {Will+}
rElec    +         Harm     .   x - +3 cloak of Jyerphed {-Cast rElec rN++ Regen+}
rCorr    +         Rampage  +   (gloves unavailable)
Will     +++++     NoCast   +   (boots unavailable)
Stlth    +.........             X - amulet "Ovvaav" {Reflect Contam rElec rN+ SH+5}
HPRegen  2.56/turn              Z - ring of Zowiq {rElec Will+ rCorr Str+4 Int-2}
MPRegen  0.18/turn              O - ring "Qeterph" {rF++ EV+4 Dex-2}

@: gold aura, studying 2 skills
A: large, unfitting armour, claws 3, regeneration 1, shaggy fur 1, tough skin 1,
MP-powered wands
0: Orb of Zot
}: 5/15 runes: serpentine, barnacled, slimy, silver, abyssal
a: Renounce Religion, Potion Petition, Call Merchant, Bribe Branch


You escaped.
You worshipped Gozag.
Gozag was pleased with you.
You visited 11 branches of the dungeon, and saw 54 of its levels.
You visited the Abyss 1 time.
You visited 1 bazaar.
You also visited: Wizlab.

You collected 27605 gold pieces.
You spent 8308 gold pieces at shops.
You paid 18541 gold pieces to Gozag.

Inventory:

Missiles
 a - 8 boomerangs of dispersal
 g - 14 silver javelins (quivered)
 k - 19 javelins
 v - 85 boomerangs
 G - 93 large rocks
 J - 6 throwing nets
Armour
 q - the +2 cloak of Makhleb's Delight {-Cast Harm +Blink rF+++}
   (You acquired it in a bazaar)

   rF:        It renders you almost immune to fire.
   +Blink:    It lets you blink.
   -Cast:     It prevents spellcasting.
   Harm:      It increases damage dealt and taken.
 u - the +13 shadow dragon scales "Rooceun" (worn) {Rampage rElec Will+ Stlth++++}
   (You bought it in a shop on level 1 of the Orcish Mines)

   rElec:     It insulates you from electricity.
   Rampage:   It bestows one free step when moving towards enemies.
   Will:      It increases your willpower.
   Stlth:     It makes you much more stealthy.
 x - the +3 cloak of Jyerphed (worn) {-Cast rElec rN++ Regen+}
   (You acquired it on level 1 of the Shoals)

   rElec:     It insulates you from electricity.
   rN:        It greatly protects you from negative energy.
   -Cast:     It prevents spellcasting.
   Regen:     It increases your rate of health regeneration.
 N - a +7 tower shield of poison resistance (worn)
 V - a +2 hat of willpower (worn)
Jewellery
 m - the ring "Leppaed" {rElec rPois rF+ Str+2}
   (You bought it in a shop on level 2 of the Orcish Mines)

   [ring of protection from fire]

   Str:       It affects your strength (+2).
   rF:        It protects you from fire.
   rElec:     It insulates you from electricity.
   rPois:     It protects you from poison.
 n - a ring of see invisible
 r - the ring of False Pretenses {rElec rC+ Int+6}
   (You acquired it on level 3 of the Lair of Beasts)

   [ring of protection from cold]

   Int:       It affects your intelligence (+6).
   rC:        It protects you from cold.
   rElec:     It insulates you from electricity.
 w - the ring "Ciotupn" {rElec rF+ rCorr Int-2 Stlth+}
   (You found it on level 5 of the Vaults)

   [ring of resist corrosion]

   Int:       It affects your intelligence (-2).
   rF:        It protects you from fire.
   rElec:     It insulates you from electricity.
   rCorr:     It protects you from acid and corrosion.
   Stlth:     It makes you more stealthy.
 L - a ring of flight
 M - the ring of Geiv Ankocs {rPois rN+++ Will+ Slay+3 Stlth-}
   (You found it on level 1 of the Crypt)

   [ring of willpower]

   Slay:      It affects your accuracy & damage with ranged weapons and melee
   (+3).
   rPois:     It protects you from poison.
   rN:        It renders you almost immune to negative energy.
   Will:      It increases your willpower.
   Stlth:     It makes you less stealthy.
 O - the ring "Qeterph" (right claw) {rF++ EV+4 Dex-2}
   (You bought it in a shop on level 2 of the Depths)

   [ring of evasion]

   EV:        It affects your evasion (+4).
   Dex:       It affects your dexterity (-2).
   rF:        It greatly protects you from fire.
 X - the amulet "Ovvaav" (around neck) {Reflect Contam rElec rN+ SH+5}
   (You bought it in a shop on level 2 of the Orcish Mines)

   [amulet of reflection]

   It reflects blocked missile attacks.
   rElec:     It insulates you from electricity.
   rN:        It protects you from negative energy.
   Contam:    It causes magical contamination when unequipped.
   SH:        It affects your SH (+5).
 Z - the ring of Zowiq (left claw) {rElec Will+ rCorr Str+4 Int-2}
   (You found it on level 2 of the Vaults)

   [ring of willpower]

   Str:       It affects your strength (+4).
   Int:       It affects your intelligence (-2).
   rElec:     It insulates you from electricity.
   rCorr:     It protects you from acid and corrosion.
   Will:      It increases your willpower.
Wands
 f - a wand of digging (5)
 h - a wand of mindburst (18)
 y - a wand of iceblast (56)
 W - a wand of acid (30)
Scrolls
 b - 15 scrolls of fog
 c - 6 scrolls of magic mapping
 d - 5 scrolls of fear
 i - 24 scrolls of teleportation
 D - 9 scrolls of blinking
 E - 2 scrolls of summoning
 T - 2 scrolls of silence
Potions
 e - 2 potions of haste
 j - 8 potions of brilliance
 o - 15 potions of heal wounds
 p - 9 potions of flight
 s - 21 potions of curing
 z - 10 potions of attraction
 A - 6 potions of berserk rage
 B - a potion of resistance
 C - 5 potions of magic
 I - 6 potions of mutation
 K - 8 potions of might
 Q - a potion of cancellation
 R - 4 potions of invisibility
 S - 8 potions of lignification
 U - 6 potions of ambrosia
Miscellaneous
 t - a condenser vane
 F - a lightning rod (4/4)
 H - a tin of tremorstones (2/2)
 P - a phantom mirror
 Y - a phial of floods


   Skills:
 * Level 16.9 Fighting
 - Level 17.0 Throwing
 + Level 17.8 Armour
 - Level 3.3 Dodging
 - Level 2.7 Stealth
 - Level 15.0 Shields
 O Level 27 Unarmed Combat
 - Level 4.2 Translocations
 * Level 7.5 Evocations


You had 24 spell levels left.
You knew the following spells:

 Your Spells              Type           Power      Damage    Failure   Level
a - Blink                 Tloc           N/A        N/A       30%         2

Your spell library contained the following spells:

 Spells                   Type           Power      Damage    Failure   Level
 Apportation              Tloc           10%        N/A       21%         1
 Gell's Gravitas          Tloc           2%         N/A       52%         3
 Lesser Beckoning         Tloc           2%         N/A       52%         3
 Teleport Other           Tloc           5%         N/A       52%         3
 Animate Skeleton         Necr           0%         N/A       73%         1
 Beastly Appendage        Tmut           0%         N/A       73%         1
 Corona                   Hex            0%         N/A       73%         1
 Freeze                   Ice            0%         1d3       73%         1
 Magic Dart               Conj           0%         1d3       73%         1
 Pain                     Necr           0%         1d4       73%         1
 Sandblast                Erth           0%         2d4       73%         1
 Sting                    Tmut/Pois      0%         1d3       73%         1
 Summon Small Mammal      Summ           0%         N/A       73%         1
 Portal Projectile        Hex/Tloc       4%         N/A       80%         3
 Call Imp                 Summ           0%         N/A       86%         2
 Corpse Rot               Necr/Air       N/A        N/A       86%         2
 Ensorcelled Hibernation  Hex/Ice        0%         N/A       86%         2
 Passwall                 Tmut/Erth      0%         N/A       86%         2
 Poisonous Vapours        Pois/Air       0%         N/A       86%         2
 Searing Ray              Conj           0%         3d3       86%         2
 Slow                     Hex            0%         N/A       86%         2
 Static Discharge         Conj/Air       0%         N/A       86%         2
 Sublimation of Blood     Necr           0%         N/A       86%         2
 Wereblood                Tmut           0%         N/A       86%         2
 Passage of Golubria      Tloc           N/A        N/A       89%         4
 Call Canine Familiar     Summ           0%         N/A       97%         3
 Confusing Touch          Hex            0%         N/A       97%         3
 Dazzling Flash           Conj/Hex       0%         N/A       97%         3
 Frozen Ramparts          Ice            0%         1d2       97%         3
 Inner Flame              Hex/Fire       0%         N/A       97%         3
 Mephitic Cloud           Conj/Pois/Air  0%         N/A       97%         3
 Spider Form              Tmut/Pois      0%         N/A       97%         3
 Stone Arrow              Conj/Erth      0%         3d7       97%         3
 Swiftness                Air            0%         N/A       97%         3
 Vampiric Draining        Necr           0%         2d6       97%         3
 Iskenderun's Mystic Bla  Conj/Tloc      2%         2d3       99%         4
 Airstrike                Air            0%         N/A       100%        4
 Cause Fear               Hex            0%         N/A       100%        4
 Dispel Undead            Necr           0%         3d6       100%        4
 Fulminant Prism          Conj/Hex       0%         3d6       100%        4
 Hailstorm                Conj/Ice       0%         3d3       100%        4
 Ice Form                 Ice/Tmut       0%         N/A       100%        4
 Leda's Liquefaction      Hex/Erth       0%         N/A       100%        4
 Olgreb's Toxic Radiance  Pois           0%         N/A       100%        4
 Petrify                  Tmut/Erth      0%         N/A       100%        4
 Sticky Flame             Conj/Fire      0%         2d3       100%        4
 Summon Ice Beast         Ice/Summ       0%         N/A       100%        4
 Summon Lightning Spire   Summ/Air       0%         N/A       100%        4
 Agony                    Necr           0%         N/A       100%        5
 Alistair's Intoxication  Tmut/Pois      0%         N/A       100%        5
 Bolt of Magma            Conj/Fire/Erth 0%         4d4       100%        5
 Borgnjor's Vile Clutch   Necr/Erth      0%         N/A       100%        5
 Excruciating Wounds      Necr           0%         N/A       100%        5
 Fireball                 Conj/Fire      0%         3d3       100%        5
 Iskenderun's Battlesphe  Conj           0%         2d6       100%        5
 Lee's Rapid Deconstruct  Erth           0%         3d5*      100%        5
 Lightning Bolt           Conj/Air       0%         1d11      100%        5
 Metabolic Englaciation   Hex/Ice        0%         N/A       100%        5
 Silence                  Hex/Air        0%         N/A       100%        5
 Summon Forest            Summ/Tloc      1%         N/A       100%        5
 Summon Mana Viper        Hex/Summ       0%         N/A       100%        5
 Conjure Ball Lightning   Conj/Air       0%         3x3d6     100%        6
 Death Channel            Necr           0%         N/A       100%        6
 Dispersal                Tloc           2%         N/A       100%        6
 Eringya's Noxious Bog    Tmut/Pois      0%         N/A       100%        6
 Invisibility             Hex            0%         N/A       100%        6
 Iron Shot                Conj/Erth      0%         9d1       100%        6
 Shadow Creatures         Summ           N/A        N/A       100%        6
 Starburst                Conj/Fire      0%         6d3       100%        6
 Statue Form              Tmut/Erth      0%         N/A       100%        6
 Haunt                    Necr/Summ      0%         N/A       100%        7
 Malign Gateway           Summ/Tloc      1%         N/A       100%        7
 Spellforged Servitor     Conj/Summ      0%         N/A       100%        7
 Summon Hydra             Summ           0%         N/A       100%        7
 Discord                  Hex            0%         N/A       100%        8
 Disjunction              Tloc           2%         N/A       100%        8
 Ignition                 Fire           0%         3d3       100%        8
 Lehudib's Crystal Spear  Conj/Erth      0%         10d2      100%        8
 Maxwell's Capacitive Co  Air            0%         ∞         100%        8
 Necromutation            Tmut/Necr      0%         N/A       100%        8


Dungeon Overview and Level Annotations

Branches:
Dungeon (15/15)            Temple (0/1) D:6            Lair (6/6) D:10
 Shoals (4/4) Lair:2        Snake (4/4) Lair:3        Slime (5/5) Lair:5
    Orc (2/2) D:10            Elf (0/3) Orc:2        Vaults (5/5) D:13
  Crypt (2/3) Vaults:3     Depths (5/5) D:15           Hell (visited)
    Zot (5/5) Depths:5     WizLab (visited)
    Dis: Hell:1         Geh: Hell:1         Coc: Hell:1         Tar: Hell:1

Altars:
Ashenzari
Cheibriados
Dithmenos
Elyvilon
Fedhas
Gozag
Kikubaaqudgha
Makhleb
Okawaru
Sif Muna
Wu Jian
Xom
Yredelemnul
Zin
Beogh
Jiyva

Shops:
D:7 =   Orc:1 [=   Orc:2 =*[(   Lair:2 !   Shoals:1 !   Shoals:2 *   Snake:2 *
Snake:4 *   Vaults:1 *[   Vaults:2 =   Vaults:4 :*[   Vaults:5 (   Depths:1 *
Depths:2 =   Depths:5 *

Portals:
Hell: Depths:1 Depths:2 Depths:3 Depths:4 Depths:5
Abyss: Depths:1 Depths:2 Depths:4
Pandemonium: Depths:3
Ziggurat: Depths:5
Trove: D:12 (give horn of Geryon)

Annotations:
D:9 Erolcha
D:15 Roxanne
Vaults:2 2 runed translucent doors, rgbqcd's ghost, veteran MiBe
Crypt:2 Khufu
Depths:1 3 runed translucent doors
Hell Geryon


Innate Abilities, Weirdness & Mutations

You are too large for most types of armour.
You have claws for hands.
Your natural rate of healing is unusually fast.
You are covered in fur. (AC +1)
You have tough skin. (AC +1)
You expend magic power (3 MP) to strengthen your wands.


Message History

(D) Dungeon (T) Temple (L) Lair (A) Shoals (P) Snake Pit (M) Slime Pits (O) Orcish Mines (E) Elven Halls (V) Vaults (C) Crypt (U) Depths (H) Hell (Z) Zot
Where to? (Enter - D:1 @ (x,y), ? - help)
A green death comes into view.
The green death gestures at you. The bolt of poison hits you. You resist.
There is a stone staircase leading up here.
You climb upwards.
There is a stone staircase leading down here.
(D) Dungeon (T) Temple (L) Lair (A) Shoals (P) Snake Pit (M) Slime Pits (O) Orcish Mines (E) Elven Halls (V) Vaults (C) Crypt (U) Depths (H) Hell (Z) Zot
Where to? (Enter - D:1 @ (x,y), ? - help)
There is a stone staircase leading up here.
You climb upwards.
There is a stone staircase leading down here.
There is a stone staircase leading up here.
There is a stone staircase leading up here.
You climb upwards.
There is a stone staircase leading down here.
An Executioner comes into view.
You rampage towards the Executioner!
You eviscerate the Executioner!!!
The Executioner is almost dead.
You mangle the Executioner!!
You kill the Executioner!
(D) Dungeon (T) Temple (L) Lair (A) Shoals (P) Snake Pit (M) Slime Pits (O) Orcish Mines (E) Elven Halls (V) Vaults (C) Crypt (U) Depths (H) Hell (Z) Zot
Where to? (Enter - D:1 @ (x,y), ? - help)
There is a stone staircase leading up here.
You climb upwards.
There is a stone staircase leading down here.
There is an open door here.
There is a large open door here.
There is a staircase leading out of the dungeon here.
You have escaped!

#....≈≈≈≈≈≈≈≈≈≈≈≈≈≈≈≈≈≈≈≈≈≈≈....#
#....≈≈≈≈≈≈≈≈≈≈≈≈≈≈≈≈≈≈≈≈≈≈≈....#
#....≈≈≈#+#+#≈≈≈≈≈≈≈#+#+#≈≈≈.....
#....≈≈≈+...##+###+##..>+≈≈≈.....
#....≈≈≈+...'.......'...+≈≈≈...#.
.....≈≈≈#+###.#####.###+#≈≈≈...#.
..^..≈≈≈≈≈+...#...#...#≈≈≈≈....##
.....≈≈≈≈≈#.###...'.⌠.'≈≈≈..⌠..##
.....≈≈≈≈≈#.###.@.'.⌠.'≈≈≈..⌠..##
.....≈≈≈≈≈'...#...#...#≈≈≈≈....##
.....≈≈≈#'###.#####.#'#+#≈≈≈....#
.....≈≈≈+...#....(..#...+≈≈≈.....
.....≈≈≈+(..##+###+##...+≈≈≈....#
.....≈≈≈#+#+#≈≈≈≈≈≈≈#+#+#≈≈≈....#
.....≈≈≈≈≈≈≈≈≈≈≈≈≈≈≈≈≈≈≈≈≈≈≈....#
.....≈≈≈≈≈≈≈≈≈≈≈≈≈≈≈≈≈≈≈≈≈≈≈....#
.....≈≈≈≈≈≈≈≈≈≈≈≈≈≈≈≈≈≈≈≈≈≈≈...##


There were no monsters in sight!

Vanquished Creatures
  the Royal Jelly (Slime:5)
  2 dread liches (Vaults:5)
  3 ancient liches
  Mara (Depths:3)
  The ghost of Tang the Slayer, a master DsGl of Makhleb (Vaults:4)
  A Killer Klown (Zot:5)
  The ghost of Nyubb the Impregnable, a veteran MiGl of Hepliaklqana (Crypt:1)
  The ghost of Pykar the Impregnable, a veteran MiGl of Hepliaklqana (Crypt:1)
  The ghost of Houmnergh the Opulent, a master GnTm of Gozag (Crypt:1)
  Boris (Depths:4)
  Vashnia (Snake:4)
  6 caustic shrikes
  Xtahua (Vaults:4)
  3 curse toes
  8 golden dragons
  the Enchantress (Depths:4)
  2 bone dragons (Abyss:4)
  An electric golem (Zot:1)
  3 tentacled monstrosities
  5 liches
  8 Orb Guardians
  5 quicksilver dragons
  A titan (Vaults:5)
  A kraken (Shoals:4)
  19 acid blobs
  2 Executioners
  A death cob (Zot:3)
  3 sphinxes
  Kirke (Shoals:3)
  4 ancient champions
  3 tentacled starspawn (Abyss:4)
  6 tengu reavers
  6 nagarajas
  7 shadow dragons
  7 storm dragons
  A revenant (Vaults:4)
  10 azure jellies
  12 rockslimes
  5 draconian monks
  9 fire giants
  15 frost giants
  A draconian knight (Zot:1)
  14 vault wardens
  2 deep elf sorcerers
  4 draconian scorchers
  2 orc warlords
  A cacodemon (Zot:5)
  2 iron dragons (Vaults:5)
  6 ghouls (Crypt:1)
  3 draconian shifters
  A draconian stormcaller (Zot:5)
  3 draconian annihilators
  A deep elf elementalist (Depths:4)
  A war gargoyle (Vaults:5)
  A reaper (Depths:1)
  6 spriggan defenders
  16 very ugly things
  22 ironbound preservers
  3 quicksilver oozes (Slime:5)
  4 vampire knights
  5 green draconians
  16 stone giants
  The ghost of MisterT the Severer, a journeyman HOFi of Beogh (Orc:2)
  2 deep elf demonologists
  4 black draconians
  2 dire elephants
  2 red draconians
  A deep elf annihilator (Vaults:3)
  16 yellow draconians
  3 purple draconians
  2 lorocyprocas
  8 white draconians
  2 entropy weavers (Vaults:1)
  3 spark wasps (Depths:4)
  A deep elf death mage (Crypt:1)
  6 eidola
  10 ettins
  6 merfolk javelineers
  2 blizzard demons (Depths:1)
  9 merfolk impalers
  14 yaktaur captains
  Josephine (Orc:1)
  10 fire dragons
  28 vault guards
  5 deep elf high priests
  6 jiangshi
  9 ironbound thunderhulks
  A salamander tyrant (Snake:4)
  11 hydras
  14 great orbs of eyes
  The ghost of Qoesoec the Basher, a journeyman GrFi of Okawaru (Lair:2)
  3 spriggan air magi
  8 rakshasas
  9 naga warriors
  5 boulder beetles
  A quicksilver dragon skeleton (Crypt:1)
  3 catoblepae
  14 ice dragons
  2 merfolk avatars
  5 death knights
  4 ogre magi
  A peacekeeper (Vaults:2)
  4 anacondas
  An alligator snapping turtle (Shoals:2)
  3 ironbound frosthearts
  8 centaur warriors
  13 two-headed ogres
  2 alligators (shapeshifter) (Vaults:5)
  The ghost of Haraddelas the Transmogrifier, a journeyman OpTm of Okawaru (Lair:2)
  7 satyrs
  4 merfolk aquamancers
  14 deep troll shamans
  12 death yaks
  3 deep troll earth magi
  2 ironbound beastmasters
  7 vampire magi
  6 spriggan berserkers
  8 tengu warriors
  6 hell hogs
  3 thrashing horrors (Abyss:4)
  An orc high priest (Orc:2)
  7 shock serpents
  21 hell knights
  21 naga sharpshooters
  A fire crab (shapeshifter) (Abyss:4)
  A soul eater (Depths:1)
  24 skeletal warriors
  10 iron trolls
  5 sun demons (Depths:1)
  A sixfirhy (Abyss:4)
  2 wretched stars (Abyss:4)
  A spark wasp zombie (Depths:1)
  A storm dragon skeleton (Crypt:1)
  2 salamander mystics
  70 deep trolls
  2 spatial maelstroms
  A glowing orange brain (Depths:1)
  A death drake (Abyss:4)
  4 naga ritualists
  11 sea snakes
  6 flayed ghosts
  7 orc knights
  A bog body (Crypt:1)
  An iron giant skeleton (Crypt:1)
  8 phantasmal warriors
  11 wizards
  12 necromancers
  13 ironbound convokers
  24 harpies
  A tengu zombie (Depths:1)
  2 orc sorcerers
  3 deep elf pyromancers
  A deep elf zephyrmancer (D:13)
  A wolf spider (shapeshifter) (Vaults:5)
  8 cyclopes
  A lindwurm (Vaults:4)
  8 mana vipers
  4 shining eyes
  15 manticores
  3 oklob plants (Zot:1)
  A fire giant zombie (Depths:1)
  18 fauns
  A faun (shapeshifter) (Vaults:5)
  A salamander (shapeshifter) (Abyss:4)
  An eleionoma skeleton (Crypt:1)
  57 ugly things
  2 guardian serpents
  5 moths of wrath
  18 salamanders
  A rust devil (Depths:1)
  30 black mambas
  6 elephants
  18 centaur zombies
  9 merfolk sirens
  5 water nymphs
  A spriggan zombie (Depths:1)
  A gargoyle (D:12)
  A molten gargoyle (Depths:1)
  3 eyes of devastation
  20 vault sentinels
  6 smoke demons
  3 torpor snails (Lair:5)
  A frost giant skeleton (Depths:1)
  Maggie (D:9)
  12 naga magi
  18 cane toads
  2 efreet
  15 freezing wraiths
  7 unseen horrors
  9 komodo dragons
  23 yaktaurs
  8 rime drakes
  A kobold demonologist (D:12)
  2 tengu conjurers
  A demonic crawler (Abyss:4)
  2 hellwings (Abyss:4)
  A jumping spider (Vaults:1)
  A spriggan skeleton (Depths:1)
  A death drake zombie (Crypt:1)
  6 trolls
  2 ancient zymes (Abyss:4)
  A meliai (shapeshifter) (D:15)
  7 hornets
  8 wind drakes
  33 merfolk
  2 polar bears
  Grinder (D:3)
  A hornet (shapeshifter) (Abyss:4)
  A wind drake (shapeshifter) (D:13)
  18 raiju
  94 slime creatures
  10 snapping turtles
  18 blink frogs
  An iron dragon simulacrum (Depths:1)
  11 large abominations
  Prince Ribbit (D:5)
  5 dream sheep
  A deep troll zombie (Depths:1)
  5 flying skulls (Crypt:1)
  A meliai zombie (D:10)
  13 wraiths
  5 redbacks (Vaults:1)
  6 spriggans
  30 water elementals
  4 shadows
  8 starcursed masses (Abyss:4)
  A tarantella (Vaults:1)
  4 vampires (WizLab)
  A ynoxinul (Abyss:4)
  A spriggan (shapeshifter) (D:15)
  6 fire bats
  36 yaks
  A fire dragon skeleton (Depths:1)
  10 wyverns
  A golden eye (shapeshifter) (Vaults:5)
  13 golden eyes
  A neqoxec (Depths:5)
  12 basilisks
  2 steam dragons
  10 chaos spawn
  A warg (shapeshifter) (D:15)
  5 two-headed ogre zombies (WizLab)
  6 vampire mosquitoes
  47 nagas
  2 spatial vortices
  6 wargs
  12 water moccasins
  A glowing shapeshifter zombie (Crypt:1)
  3 acid dragons
  2 hell hounds
  An ice beast (D:7)
  2 sky beasts (D:6)
  A tengu skeleton (Depths:1)
  5 black bears
  23 orc warriors
  11 ogres
  A necrophage (D:6)
  13 wolves
  A blink frog skeleton (Crypt:1)
  6 centaurs
  A rime drake zombie (Crypt:1)
  Blork the orc (Orc:2)
  17 bullfrogs
  6 scorpions
  A water moccasin zombie (D:6)
  16 killer bees
  5 troll zombies (WizLab)
  7 wights (WizLab)
  4 electric eels (Snake:2)
  6 small abominations
  8 howler monkeys
  2 bullfrog zombies
  A hound (D:5)
  21 jellies
  14 orc priests
  A centaur skeleton (D:7)
  An iron imp (Abyss:4)
  Ijyb (D:3)
  Jessica (D:3)
  An iguana (D:6)
  10 hell rats
  13 orc wizards
  A killer bee zombie (D:8)
  6 ogre zombies (WizLab)
  A hound skeleton (D:4)
  A mummy (Crypt:2)
  A howler monkey skeleton (D:4)
  11 gnolls
  16 adders
  A shadow imp (D:4)
  A white imp (D:8)
  An ufetubus (D:6)
  2 worms
  2 dart slugs
  54 orcs
  7 ball pythons
  4 endoplasms
  5 goblins
  6 hobgoblins
  4 kobolds
  A quokka (D:5)
  3 bats (D:1)
  3 frilled lizards
  A gnoll skeleton (Crypt:1)
  6 rats
  A river rat skeleton (Crypt:1)
  2 starspawn tentacles (Abyss:4)
  7 tentacles
2080 creatures vanquished.

Vanquished Creatures (collateral kills)
  2 orbs of fire (Zot:5)
  A Killer Klown (Zot:5)
  2 golden dragons (Zot:5)
  A tentacled monstrosity (Zot:4)
  11 Orb Guardians (Zot:5)
  2 draconian monks (Zot:5)
  A draconian shifter (Zot:5)
  A draconian stormcaller (Zot:5)
  A green draconian (Zot:4)
  A purple draconian (Zot:5)
  2 yellow draconians (Zot:5)
25 creatures vanquished.

Vanquished Creatures (others)
  A dread lich (Zot:5)
  An ancient lich (Zot:5)
  A curse toe (Zot:5)
  A Killer Klown (Zot:5)
  A tentacled monstrosity (Zot:5)
  3 Orb Guardians (Zot:5)
  A death cob (Zot:5)
  4 draconian scorchers
  A draconian annihilator (Zot:5)
  A green draconian (Zot:5)
  A stone giant (Depths:2)
  2 white draconians (Zot:5)
  A black draconian (Zot:5)
  2 purple draconians (Zot:5)
  A yellow draconian (Zot:3)
  A yaktaur captain (Vaults:4)
  A fire dragon (Depths:4)
  2 ice dragons
  A spriggan berserker (Depths:2)
  A wizard (Vaults:2)
  2 manticores
  An ugly thing (Depths:2)
  A merfolk (Shoals:4)
  4 humans (Shoals:3)
  3 chaos spawn (Abyss:4)
  A small abomination (Depths:2)
  4 demonic plants (Abyss:2)
  30 fungi
  260 plants
  4 starspawn tentacles (Abyss:4)
  45 tentacles
  5 withered plants (Lair:2)
388 creatures vanquished.

Grand Total: 2493 creatures vanquished

Notes
Turn   | Place    | Note
-------+----------+-------------------------------------------
     0 | D:5      | Hortimo the Troll Delver began the quest for the Orb.
     0 | D:5      | Reached XP level 1. HP: 22/22 MP: 0/0
     2 | D:5      | Noticed a hound
    69 | D:5      | Noticed an ogre
   255 | D:5      | Reached XP level 2. HP: 26/29 MP: 1/1
   430 | D:5      | Reached skill level 3 in Unarmed Combat
   430 | D:5      | Reached XP level 3. HP: 21/36 MP: 2/2
   634 | D:5      | Reached skill level 4 in Unarmed Combat
   672 | D:4      | Reached XP level 4. HP: 44/44 MP: 3/3
   679 | D:4      | Found an opulent altar of Gozag.
   796 | D:2      | Found a broken altar of Ashenzari.
   949 | D:2      | Reached skill level 5 in Unarmed Combat
  1004 | D:2      | Reached XP level 5. HP: 40/50 MP: 4/4
  1017 | D:2      | Found a faded altar of an unknown god.
  1688 | D:4      | Became a worshipper of Gozag Ym Sagoz the Greedy
  2572 | D:3      | Noticed Jessica
  2586 | D:3      | Killed Jessica
  2587 | D:3      | Reached skill level 6 in Unarmed Combat
  2668 | D:3      | Noticed Grinder
  2671 | D:3      | Noticed Ijyb
  2687 | D:3      | Killed Grinder
  2688 | D:3      | Reached skill level 7 in Unarmed Combat
  2688 | D:3      | Reached XP level 6. HP: 19/59 MP: 5/5
  2691 | D:3      | Killed Ijyb
  2821 | D:3      | Found a broken altar of Ashenzari.
  2825 | D:3      | Saw a vision of the Shoals and the Snake Pit.
  2825 | D:3      | Noticed a merfolk
  2825 | D:3      | Noticed a merfolk
  2825 | D:3      | Noticed a merfolk siren
  2825 | D:3      | Noticed a merfolk
  2825 | D:3      | Noticed a merfolk
  2825 | D:3      | Noticed a naga mage
  2825 | D:3      | Noticed a black mamba
  2825 | D:3      | Noticed a naga mage
  2825 | D:3      | Noticed a naga
  2825 | D:3      | Noticed a salamander
  2827 | D:3      | Noticed a merfolk
  2827 | D:3      | Noticed a merfolk
  2829 | D:3      | Noticed a naga
  2830 | D:3      | Noticed a naga sharpshooter
  2924 | D:3      | Reached XP level 7. HP: 66/66 MP: 6/6
  3176 | D:4      | Found a blossoming altar of Fedhas.
  3354 | D:4      | Found a burning altar of Makhleb.
  3365 | D:4      | Reached skill level 8 in Unarmed Combat
  3382 | D:4      | Identified the +0 whip of the Freezing Boar {vorpal, rPois
                  | rC++ Int-3}
  3711 | D:5      | Noticed Prince Ribbit
  3734 | D:5      | Killed Prince Ribbit
  3771 | D:5      | Found an ornate altar of the Wu Jian Council.
  3816 | D:5      | Reached skill level 9 in Unarmed Combat
  4194 | D:5      | Reached XP level 8. HP: 71/75 MP: 7/7
  4407 | D:6      | Reached skill level 10 in Unarmed Combat
  4489 | D:6      | Found a staircase to the Ecumenical Temple.
  4557 | D:6      | Reached skill level 11 in Unarmed Combat
  4894 | D:6      | Reached XP level 9. HP: 84/84 MP: 8/8
  5367 | D:7      | Reached skill level 12 in Unarmed Combat
  5449 | D:7      | Found Ihak's Jewellery Shoppe.
  5506 | D:7      | Bought a +4 ring of evasion for 576 gold pieces
  5587 | D:7      | Found a snail-covered altar of Cheibriados.
  5601 | D:7      | Found a shadowy altar of Dithmenos.
  6018 | D:8      | Reached skill level 5 in Fighting
  6388 | D:8      | Reached skill level 13 in Unarmed Combat
  6686 | D:9      | Reached XP level 10. HP: 96/96 MP: 9/9
  6834 | D:9      | Noticed Maggie
  6868 | D:7      | Bought an amulet of regeneration for 480 gold pieces
  6940 | D:9      | Killed Maggie
  7242 | D:9      | Reached skill level 1 in Armour
  7277 | D:9      | Noticed Erolcha
  7298 | D:9      | Found a white marble altar of Elyvilon.
  7559 | D:10     | Entered Level 10 of the Dungeon
  7628 | D:10     | Reached skill level 14 in Unarmed Combat
  7633 | D:10     | Reached XP level 11. HP: 105/105 MP: 10/10
  7683 | D:10     | Found a basalt altar of Yredelemnul.
  8094 | D:10     | Reached skill level 15 in Unarmed Combat
  8140 | D:10     | Reached skill level 1 in Evocations
  8206 | D:10     | Found a staircase to the Lair.
  8322 | D:10     | Found a staircase to the Orcish Mines.
  8495 | Lair:1   | Entered Level 1 of the Lair of Beasts
  9248 | D:11     | Noticed a two-headed ogre
  9262 | D:11     | Killed a two-headed ogre
  9263 | D:11     | Reached skill level 5 in Armour
  9280 | D:11     | Noticed a two-headed ogre
  9313 | D:11     | Killed a two-headed ogre
  9314 | D:11     | Reached skill level 1 in Throwing
  9686 | D:11     | Noticed a two-headed ogre
  9687 | D:11     | Noticed a boulder beetle
  9696 | D:11     | Killed a two-headed ogre
  9705 | D:11     | Killed a boulder beetle
  9706 | D:11     | Reached XP level 12. HP: 103/114 MP: 11/11
  9972 | Lair:2   | Found a staircase to the Shoals.
  9990 | Lair:2   | Bought a potion of berserk rage for 75 gold pieces
  9990 | Lair:2   | Bought 2 potions of invisibility for 240 gold pieces
  9990 | Lair:2   | Bought a potion of lignification for 45 gold pieces
 10078 | Lair:2   | Found a runed translucent gate.
 10078 | Lair:2   | Found a runed translucent gate.
 10078 | Lair:2   | Found a runed translucent gate.
 10104 | Lair:2   | Noticed a four-headed hydra
 10141 | Lair:2   | Killed a six-headed hydra
 10142 | Lair:2   | Reached skill level 5 in Throwing
 10277 | Lair:2   | Noticed an eight-headed hydra
 10282 | Lair:2   | Killed an eight-headed hydra
 10525 | Lair:2   | Noticed a boulder beetle
 10544 | Lair:2   | Killed a boulder beetle
 10564 | Lair:2   | Noticed a five-headed hydra
 10569 | Lair:2   | Killed a five-headed hydra
 10784 | Lair:2   | Noticed Haraddelas's ghost (journeyman OpTm)
 10784 | Lair:2   | Noticed Qoesoec's ghost (journeyman GrFi)
 10965 | Lair:3   | Found a staircase to the Snake Pit.
 11159 | Lair:3   | Noticed an eight-headed hydra
 11197 | Lair:3   | Killed an eight-headed hydra
 11198 | Lair:3   | Reached XP level 13. HP: 124/124 MP: 12/12
 11557 | Lair:3   | Identified a scroll of acquirement
 11558 | Lair:3   | Acquired the ring of False Pretenses {rElec rC+ Int+6}
 12064 | Lair:4   | Identified the +1 robe of Dishonour {rC+ Str+3}
 12172 | Lair:4   | Identified the +6 mace "Hius" {vamp, Will+}
 13564 | Lair:5   | Found a viscous altar of Jiyva.
 13565 | Lair:5   | Found a staircase to the Slime Pits.
 13615 | Lair:5   | Identified the +9 hand crossbow of the Messenger {penet,
                  | rC+++ rN+++ Int-5 Dex-5}
 13971 | Lair:6   | Entered Level 6 of the Lair of Beasts
 14263 | Lair:6   | Reached XP level 14. HP: 126/140 MP: 13/13
 14605 | Lair:6   | Reached skill level 16 in Unarmed Combat
 14725 | Lair:6   | Got the Compendium of the Pink Corner
 14729 | Lair:6   | Learned a level 2 spell: Blink
 14796 | Lair:6   | Reached skill level 1 in Translocations
 15218 | Orc:1    | Entered Level 1 of the Orcish Mines
 15287 | Orc:2    | Entered Level 2 of the Orcish Mines
 15301 | Orc:1    | Bought a glowing hat for 119 gold pieces
 15345 | Orc:2    | Noticed an orc warlord
 15377 | Orc:2    | Found a transporter.
 15379 | Orc:2    | Noticed MisterT's ghost (journeyman HOFi)
 15566 | Orc:1    | Found Olobeb's Jewellery Shop.
 15644 | Orc:1    | Noticed Josephine
 15659 | Orc:1    | Killed Josephine
 15927 | Orc:2    | Killed an orc warlord
 15984 | Orc:2    | Noticed Blork the orc
 15992 | Orc:2    | Killed Blork the orc
 16023 | Orc:2    | Found Qawida's General Store.
 16049 | Orc:2    | Found Ufisezoz's Jewellery Emporium.
 16061 | Orc:2    | Bought a wand of acid (5) for 216 gold pieces
 16061 | Orc:2    | Bought a potion of invisibility for 96 gold pieces
 16080 | Orc:2    | Bought the amulet "Ovvaav" {Reflect Contam rElec rN+ SH+5}
                  | for 553 gold pieces
 16114 | Orc:2    | Found a staircase to the Elven Halls.
 16298 | Orc:2    | Found Utor's Antique Armour Emporium.
 16419 | Orc:2    | Found Detawk's Antique Weapon Emporium.
 16506 | Orc:2    | Found a transporter.
 16552 | Orc:2    | Killed MisterT's ghost
 16679 | Orc:2    | Bought the ring "Leppaed" {rElec rPois rF+ Str+2} for 616
                  | gold pieces
 16814 | Lair:2   | Killed Qoesoec's ghost
 16820 | Lair:2   | Killed Haraddelas's ghost
 16821 | Lair:2   | Reached skill level 17 in Unarmed Combat
 17091 | D:12     | Found a portal to a secret trove of treasure.
 17116 | D:12     | Identified the +2 robe "Gaelyth" {+Inv rC++ rN++}
 17142 | D:12     | Reached XP level 15. HP: 148/148 MP: 14/14
 17295 | Orc:1    | Bought a ring of see invisible for 180 gold pieces
 18282 | D:13     | Found a gate to the Vaults.
 18519 | D:14     | Reached skill level 18 in Unarmed Combat
 18862 | D:14     | Identified the +4 ring mail "Jamot" {rC+ rN+}
 19315 | D:14     | Reached skill level 10 in Armour
 19753 | D:15     | Entered Level 15 of the Dungeon
 20273 | D:15     | Identified Roxanne's Catalogue of the Rocks
 20273 | D:15     | Noticed Roxanne
 20388 | D:15     | Reached skill level 10 in Throwing
 20595 | D:15     | Reached XP level 16. HP: 155/158 MP: 15/15
 20600 | D:15     | Found a staircase to the Depths.
 20689 | D:15     | Found a shimmering blue altar of Sif Muna.
 20776 | D:15     | Got Sif Muna's Compendium of Stones
 20980 | Orc:1    | Bought slimy shadow dragon scales for 1445 gold pieces
 20980 | Orc:1    | Identified the +13 shadow dragon scales "Rooceun" {Rampage
                  | rElec Will+ Stlth++++} (You bought it in a shop on level 1
                  | of the Orcish Mines)
 21029 | Orc:2    | Bought a kite shield for 162 gold pieces
 21158 | Snake:1  | Entered Level 1 of the Snake Pit
 21307 | Snake:1  | Reached skill level 1 in Shields
 22422 | Snake:2  | Found Zowny's Mayhem Merchandise.
 22519 | Snake:2  | Reached skill level 5 in Shields
 22813 | Snake:2  | You fall into a shaft and drop 1 floor!
 23872 | Snake:3  | Got Gaotassi's Reference Book on Gliding Stolen Souls
 24448 | Snake:4  | Entered Level 4 of the Snake Pit
 25101 | Snake:4  | Noticed Vashnia
 25155 | Snake:4  | Reached skill level 10 in Shields
 25227 | Snake:4  | Reached XP level 17. HP: 165/165 MP: 16/16
 25238 | Snake:4  | Bought a scroll of identify for 70 gold pieces
 25437 | Snake:4  | Killed Vashnia
 25960 | Snake:4  | Got a serpentine rune of Zot
 26288 | Shoals:1 | Entered Level 1 of the Shoals
 26305 | Shoals:1 | Found Heurait's Distillery.
 26325 | Shoals:1 | Bought a potion of resistance for 130 gold pieces
 26356 | Shoals:1 | Found a runed translucent door.
 26624 | Shoals:1 | Acquired the +3 cloak of Jyerphed {-Cast rElec rN++ Regen+}
 27064 | Shoals:1 | Noticed a kraken
 27684 | Shoals:2 | Found Luimipp's Assorted Antiques.
 27700 | Shoals:2 | Bought a scroll of fog for 52 gold pieces
 27700 | Shoals:2 | Bought a scroll of blinking for 195 gold pieces
 28358 | Shoals:3 | Noticed Kirke
 28386 | Shoals:3 | Killed Kirke
 28387 | Shoals:3 | Reached XP level 18. HP: 173/174 MP: 17/17
 29173 | Shoals:4 | Entered Level 4 of the Shoals
 29439 | Shoals:4 | Reached skill level 15 in Shields
 29510 | Shoals:4 | Got a barnacled rune of Zot
 29625 | Shoals:4 | Reached skill level 10 in Fighting
 29861 | Shoals:4 | Reached skill level 19 in Unarmed Combat
 30682 | Vaults:1 | Entered Level 1 of the Vaults
 31763 | Vaults:1 | Reached XP level 19. HP: 184/184 MP: 18/18
 31929 | Vaults:2 | Found Goumid's Jewellery Shop.
 31957 | Vaults:2 | Reached skill level 20 in Unarmed Combat
 32287 | Vaults:2 | Identified the ring of Zowiq {rElec Will+ rCorr Str+4
                  | Int-2}
 32748 | Vaults:2 | Found a large runed translucent door.
 32748 | Vaults:2 | Found a large runed translucent door.
 32749 | Vaults:2 | Noticed rgbqcd's ghost (veteran MiBe)
 33043 | Vaults:2 | Reached skill level 21 in Unarmed Combat
 33789 | Vaults:3 | Found a staircase to the Crypt.
 33789 | Vaults:3 | Found an ancient bone altar of Kikubaaqudgha.
 33790 | Vaults:3 | Found a basalt altar of Yredelemnul.
 34555 | Vaults:4 | Reached XP level 20. HP: 196/196 MP: 19/19
 34629 | Vaults:3 | Reached skill level 22 in Unarmed Combat
 34980 | Vaults:4 | Found Deug's Book Shoppe.
 35127 | Vaults:4 | Found a runed translucent gate.
 35127 | Vaults:4 | Found a runed translucent gate.
 35127 | Vaults:4 | Noticed Tang's ghost (master DsGl)
 35128 | Vaults:4 | Found a runed translucent gate.
 35496 | Vaults:4 | Noticed Xtahua
 35507 | Vaults:4 | Killed Xtahua
 36190 | Depths:1 | Entered Level 1 of the Depths
 36218 | Depths:1 | Noticed a caustic shrike
 36227 | Depths:1 | Killed a caustic shrike
 36269 | Depths:1 | Reached skill level 23 in Unarmed Combat
 36307 | Depths:1 | Got Ereshkigal's Disquisition on Attacks
 36338 | Depths:1 | Identified the +8 falchion of the Final Chapter {distort,
                  | Str+6}
 36342 | Depths:1 | Found a runed translucent door.
 36438 | Depths:1 | Found Zudoq's Island Escapes.
 36452 | Depths:1 | Bought a scroll of fog for 36 gold pieces
 36452 | Depths:1 | Bought a scroll of fog for 36 gold pieces
 36575 | Depths:1 | Found a runed translucent door.
 36875 | Depths:1 | Found a runed translucent door.
 36876 | Depths:1 | Identified the +1 robe "Losoan" {rCorr Str+4 Int+2}
 36878 | Depths:1 | Identified the +9 battleaxe of Ynode {spect, Int+4}
 36911 | Depths:1 | Found a one-way gate to the infinite horrors of the Abyss.
 37189 | Depths:1 | Found a gateway to Hell.
 37558 | Depths:2 | Reached XP level 21. HP: 208/208 MP: 20/20
 37744 | Depths:2 | Bought the ring "Qeterph" {rF++ EV+4 Dex-2} for 563 gold
                  | pieces
 38079 | Depths:2 | Found a magical portal.
 38088 | WizLab   | Entered Zonguldrok's Shrine
 38370 | WizLab   | Noticed an antique lich
 38378 | WizLab   | Killed an antique lich
 38414 | WizLab   | Found the +9 sword of Zonguldrok {reap}
 38751 | Depths:2 | Found a shimmering altar of Xom.
 39203 | Depths:3 | Identified the +5 ring mail of Morhaqy {MP+9 Slay+2}
 39238 | Depths:3 | Found a one-way gate leading to the halls of Pandemonium.
 40007 | Depths:4 | Noticed Mara
 40009 | Depths:4 | Noticed Hortimo's illusion
 40015 | Depths:3 | Noticed Hortimo's illusion
 40016 | Depths:3 | Killed Mara
 40026 | Depths:4 | Found a flickering gateway to a bazaar.
 40055 | Bazaar   | Entered a bazaar
 40069 | Bazaar   | Found Ucar's General Store.
 40079 | Bazaar   | Bought a wand of mindburst (11) for 165 gold pieces
 40079 | Bazaar   | Bought a scroll of teleportation for 33 gold pieces
 40079 | Bazaar   | Bought a potion of curing for 33 gold pieces
 40090 | Bazaar   | Found Risifo's General Store.
 40090 | Bazaar   | Found Balorph's Antique Armour Shoppe.
 40100 | Bazaar   | Bought a wand of iceblast (4) for 96 gold pieces
 40100 | Bazaar   | Bought a potion of might for 48 gold pieces
 40111 | Bazaar   | Found Ruerasch's Magic Scroll Emporium.
 40111 | Bazaar   | Found Kabotri's Magic Scroll Shoppe.
 40115 | Bazaar   | Bought a scroll of acquirement for 572 gold pieces
 40115 | Bazaar   | Bought a scroll of blinking for 82 gold pieces
 40115 | Bazaar   | Bought a scroll of fog for 22 gold pieces
 40115 | Bazaar   | Bought 3 scrolls of teleportation for 99 gold pieces
 40117 | Bazaar   | Acquired the +2 cloak of Makhleb's Delight {-Cast Harm
                  | +Blink rF+++}
 40133 | Bazaar   | Bought a scroll of summoning for 171 gold pieces
 40133 | Bazaar   | Bought a scroll of enchant armour for 135 gold pieces
 40133 | Bazaar   | Bought a scroll of silence for 135 gold pieces
 40133 | Bazaar   | Bought a scroll of fog for 36 gold pieces
 40133 | Bazaar   | Bought a scroll of fog for 36 gold pieces
 40144 | Bazaar   | Found Zoud's Antique Armour Emporium.
 40144 | Bazaar   | Found Zysufoy's Antique Armour Shoppe.
 40357 | Depths:4 | Noticed the Enchantress
 40450 | Depths:4 | Reached XP level 22. HP: 213/224 MP: 21/21
 40476 | Depths:4 | Noticed Boris
 40506 | Depths:4 | Identified the +7 shortbow "Tausim" {venom, Fragile rPois
                  | Int+4 Dex+4}
 40885 | Depths:4 | Killed the Enchantress
 40972 | Depths:4 | Killed Boris
 41772 | Depths:5 | Entered Level 5 of the Depths
 41781 | Depths:5 | Found Zin's Purification Station.
 41821 | Depths:5 | Noticed a golden dragon
 41830 | Depths:5 | Killed a golden dragon
 41907 | Depths:5 | Found a glowing silver altar of Zin.
 41944 | Depths:5 | Noticed a golden dragon
 41947 | Depths:5 | Reached skill level 24 in Unarmed Combat
 41964 | Depths:5 | Killed a golden dragon
 42024 | Depths:5 | Noticed a golden dragon
 42094 | Depths:5 | Killed a golden dragon
 42315 | Depths:5 | Noticed an ancient lich
 42316 | Depths:5 | Found a gateway to a ziggurat.
 42478 | Depths:5 | Found a gate to the Realm of Zot.
 42531 | Depths:5 | Noticed a caustic shrike
 42531 | Depths:5 | Noticed a caustic shrike
 42531 | Depths:5 | Noticed a caustic shrike
 42532 | Depths:5 | Noticed a caustic shrike
 42532 | Depths:5 | Noticed a caustic shrike
 42539 | Depths:5 | Killed a caustic shrike
 42546 | Depths:5 | Killed a caustic shrike
 42547 | Depths:5 | Reached skill level 15 in Fighting
 42550 | Depths:5 | Killed a caustic shrike
 42557 | Depths:5 | Killed a caustic shrike
 42566 | Depths:5 | Killed a caustic shrike
 42627 | Depths:5 | Found an iron altar of Okawaru.
 43291 | Vaults:4 | Killed Tang's ghost
 43332 | Vaults:4 | Reached skill level 25 in Unarmed Combat
 43334 | Vaults:4 | Reached XP level 23. HP: 118/227 MP: 22/22
 43448 | Vaults:4 | Acquired 948 gold pieces
 43453 | Vaults:4 | Reached XP level 24. HP: 236/236 MP: 22/22
 43463 | Vaults:4 | Bought a potion of heal wounds for 115 gold pieces
 43527 | Vaults:5 | Entered Level 5 of the Vaults
 43655 | Vaults:5 | Identified the +10 great mace of Dissent {vorpal, rC+ Int-2
                  | Dex+2}
 44059 | Vaults:5 | Reached skill level 26 in Unarmed Combat
 44085 | Vaults:5 | Noticed a dread lich
 44093 | Vaults:5 | Noticed a dread lich
 44113 | Vaults:5 | Killed a dread lich
 44122 | Vaults:5 | Killed a dread lich
 44130 | Vaults:5 | Identified the +7 morningstar of the Lamprey {venom, rF-
                  | rC++ rN+}
 44130 | Vaults:5 | Identified the ring of the Present {rF- rN+ Will+ Int+5}
 44296 | Vaults:5 | Identified the +1 robe of Woitaj {Regen+}
 44359 | Vaults:5 | Found Rygeas's Weapon Boutique.
 44603 | Vaults:5 | Reached XP level 25. HP: 145/252 MP: 22/22
 44854 | Vaults:5 | Got a silver rune of Zot
 44991 | Vaults:5 | Identified the +0 pair of boots of Tuemece {rElec rF+ MP+9
                  | Str+2}
 45208 | Vaults:5 | Reached skill level 27 in Unarmed Combat
 45215 | Vaults:5 | Noticed an ancient lich
 45223 | Vaults:5 | Killed an ancient lich
 45295 | Vaults:5 | Identified the +1 quarterstaff of Pauboxku {freeze, Int+4}
 45316 | Vaults:5 | Identified the +1 helmet of Amorality {*Corrode +Blink rN+
                  | Str+8}
 45344 | Vaults:5 | Identified the ring "Ciotupn" {rElec rF+ rCorr Int-2
                  | Stlth+}
 45348 | Vaults:5 | Got the Catalogue of Illusion
 45734 | Lair:2   | Bought 2 potions of heal wounds for 150 gold pieces
 45734 | Lair:2   | Bought a potion of haste for 150 gold pieces
 45734 | Lair:2   | Bought a potion of berserk rage for 75 gold pieces
 45734 | Lair:2   | Bought a potion of heal wounds for 75 gold pieces
 45853 | Slime:1  | Entered Level 1 of the Pits of Slime
 46292 | Slime:2  | You fall into a shaft and drop 1 floor!
 47193 | Slime:5  | Entered Level 5 of the Pits of Slime
 47209 | Slime:5  | Gained mutation: You expend magic power (3 MP) to
                  | strengthen your wands. [a shining eye]
 47233 | Slime:5  | Reached skill level 15 in Throwing
 47356 | Slime:5  | Noticed the Royal Jelly
 47360 | Slime:5  | Killed the Royal Jelly
 47639 | Slime:5  | Acquired 1179 gold pieces
 47665 | Slime:5  | Got a slimy rune of Zot
 47668 | Slime:5  | Got the Collected Works on Confrontation
 47696 | Slime:5  | Identified the +8 eveningstar of Kismet {drain, rCorr}
 47708 | Slime:5  | Identified the +7 whip "Leonuchu" {drain, rElec Int+7}
 48198 | Shoals:1 | Bought a potion of heal wounds for 65 gold pieces
 48198 | Shoals:1 | Bought a potion of brilliance for 52 gold pieces
 48198 | Shoals:1 | Bought a potion of attraction for 39 gold pieces
 48198 | Shoals:1 | Bought a potion of curing for 39 gold pieces
 48410 | Crypt:1  | Entered Level 1 of the Crypt
 49044 | Crypt:1  | Found a runed translucent gate.
 49044 | Crypt:1  | Found a runed translucent gate.
 49044 | Crypt:1  | Found an ancient bone altar of Kikubaaqudgha.
 49044 | Crypt:1  | Found a runed translucent gate.
 49044 | Crypt:1  | Noticed Pykar's ghost (veteran MiGl)
 49044 | Crypt:1  | Noticed Houmnergh's ghost (master GnTm)
 49044 | Crypt:1  | Noticed Nyubb's ghost (veteran MiGl)
 49045 | Crypt:1  | Noticed an ancient lich
 49108 | Crypt:1  | Killed Pykar's ghost
 49115 | Crypt:1  | Killed Houmnergh's ghost
 49116 | Crypt:1  | Reached XP level 26. HP: 228/261 MP: 22/22
 49121 | Crypt:1  | Killed an ancient lich
 49168 | Crypt:1  | Killed Nyubb's ghost
 49228 | Crypt:1  | Identified the +0 pair of gloves of the Cicada {rPois rCorr
                  | Int+5 SInv}
 49231 | Crypt:1  | Identified the ring of Geiv Ankocs {rPois rN+++ Will+
                  | Slay+3 Stlth-}
 49523 | Crypt:2  | Noticed a royal mummy
 49524 | Crypt:2  | Noticed Khufu
 49524 | Crypt:2  | Noticed a royal mummy
 49828 | Hell     | Entered the Vestibule of Hell
 49828 | Hell     | Noticed Geryon
 49945 | Depths:1 | Cast into level 2 of the Abyss (hell knight)
 50407 | Abyss:4  | Found a shimmering altar of Xom.
 50407 | Abyss:4  | Found a shimmering altar of Xom.
 50407 | Abyss:4  | Found a shimmering altar of Xom.
 50407 | Abyss:4  | Found a shimmering altar of Xom.
 50407 | Abyss:4  | Found a corrupted altar of Lugonu.
 50407 | Abyss:4  | Found a shimmering altar of Xom.
 50410 | Abyss:4  | Found a shimmering altar of Xom.
 50410 | Abyss:4  | Found a shimmering altar of Xom.
 50410 | Abyss:4  | Found a shimmering altar of Xom.
 50410 | Abyss:4  | Found a shimmering altar of Xom.
 50411 | Abyss:4  | Found a shimmering altar of Xom.
 50411 | Abyss:4  | Found a shimmering altar of Xom.
 50412 | Abyss:4  | Found a shimmering altar of Xom.
 50412 | Abyss:4  | Found a shimmering altar of Xom.
 50413 | Abyss:4  | Found a shimmering altar of Xom.
 50606 | Abyss:4  | Identified the +7 trident "Aperopao" {freeze, Will+ Str-5
                  | Int+3}
 50898 | Abyss:4  | Got an abyssal rune of Zot
 50902 | Abyss:4  | Reached skill level 15 in Armour
 51118 | Abyss:4  | Reached skill level 5 in Evocations
 51136 | Abyss:4  | Found an ancient bone altar of Kikubaaqudgha.
 51191 | Depths:1 | Escaped the Abyss
 51381 | Zot:1    | Entered Level 1 of the Realm of Zot
 51768 | Zot:1    | Identified the +0 ring mail of Lugonu's Envy {rPois Str+3}
 51831 | Zot:2    | Reached XP level 27. HP: 239/273 MP: 22/22
 52341 | Zot:5    | Entered Level 5 of the Realm of Zot
 52535 | Zot:5    | Identified the +12 morningstar "Heant" {protect, rPois
                  | Will+ Int-3}
 52689 | Zot:5    | Noticed an ancient lich
 52720 | Zot:5    | Noticed a dread lich
 52729 | Zot:5    | Noticed a dread lich
 52733 | Zot:5    | Noticed an orb of fire
 52734 | Zot:5    | Noticed an orb of fire
 52752 | Zot:5    | Killed an orb of fire
 52760 | Zot:5    | Killed an orb of fire
 52772 | Zot:5    | Killed an ancient lich
 52775 | Zot:5    | Noticed an orb of fire
 52835 | Zot:5    | Got the Orb of Zot
 53256 | D:9      | Noticed Foseaz the pandemonium lord
 53356 | D:4      | Noticed Vun Pyz the pandemonium lord
 53433 | D:$      | Escaped with the Orb!

Illustrated notes

Levels and vault maps discovered:
D:1:      dpeg_arrival_castle, layout_rooms
D:2:      layout_basic, basic_altar, ebering_ecumenical_altar_hall,
          hangedman_decor_clover_reticule
D:3:      layout_loops_ring, grunt_ashenzari_visionary
          [grunt_ashenzari_visionary_shoals, grunt_ashenzari_visionary_snake],
          wad_orctagon, uniq_jessica, uniq_ijyb, uniq_grinder
D:4:      layout_loops_ring, bloody_makhleb, fedhas_altar_3, grunt_gozag_statues
D:5:      layout_basic, mainiacjoe_overflow_24_doors, uniq_prince_ribbit1
D:6:      layout_loops_cross, minmay_temple_entry_enclosed_plants
D:7:      layout_rooms, mainiacjoe_overflow_tiny_flanked,
          mainiacjoe_overflow_chevrons, serial_shops, nicolae_shop_waterfront
D:8:      layout_layer_cave, kennysheep_small_circle
D:9:      layout_loops_cross, mainiacjoe_overflow_surrounded_room, uniq_erolcha,
          uniq_maggie
D:10:     layout_loops_ring, nicolae_yredelemnul_corpse_copse,
          minmay_lair_entry_grove, orc_0_dummy, minivault_27
D:11:     layout_cave_pods
D:12:     layout_cave_pools, nicolae_trove_entry_free_sample
D:13:     layout_cross, david_vaults_1, grunt_ministairs_6, minmay_crystal_room
D:14:     layout_gridville, hellmonk_bongcloud_opening, special_room
          [special_room_mythical_zoo]
D:15:     grunt_enter_depths_hoard, layout_loops_ring, led_sif_book,
          uniq_roxanne
Lair:1:   layout_chaotic_city
Lair:2:   layout_regular_city, shoals_dummy_entry, gammafunk_ghost_cemetery,
          serial_bayou_pond_d, nzn_sisyphean_effort, grunt_megastairs_2
Lair:3:   layout_hall_layers, guppyfry_snake_entry_garden, minmay_holes,
          grunt_forest_large_clearing_hut
Lair:4:   cheibrodos_lair_river_kwai, layout_regular_city
Lair:5:   minmay_lair_venomous_thicket, layout_regular_city,
          dpeg_slime_entry_enclosed_altar, lemuel_fruit_tree
Lair:6:   grunt_lair_end_beastmaster, layout_concentric_octagons
Shoals:1: layout_shoals, serial_shops, nicolae_shop_window_shopping,
          lightli_airlock
Shoals:2: layout_shoals, serial_shops, shop
Shoals:3: layout_shoals, uniq_kirke
Shoals:4: shoals_end_grunt_garden, layout_shoals
Snake:1:  layout_basic, special_room
Snake:2:  layout_onion, minmay_shop_mayhem, nicolae_snake_single_loop,
          nicolae_snake_salamander_stairs, serial_bayou_shore_a
Snake:3:  layout_grid_maze
Snake:4:  minmay_snake_end_coiled, layout_misc_corridors, serial_bayou_pond_e,
          st_stairs_12, uniq_vashnia
Slime:1:  cheibrodos_slime_lost_civilization_3, layout_caves
Slime:2:  layout_caves, cheibrodos_slime_lost_civilization_5
Slime:3:  layout_caves
Slime:4:  layout_caves
Slime:5
Orc:1:    layout_diamond_mine, serial_shops, shop, uniq_josephine
Orc:2:    grunt_orc_cross, layout_caves, gammafunk_ghost_arena
Vaults:1: vaults_room_hallway, ontoclasm_vaults_ligature,
          vaults_dpeg_encased_lava, vaults_room_large_hall,
          ontoclasm_vaults_misaligned, v_misc_27, hangedman_vaults_nails,
          vaults_room_hangedman_quadrants, ontoclasm_vaults_ring_small,
          layout_vaults_big_room
Vaults:2: ebering_vaults_ghost_disaster_area, nicolae_vaults_little_squares_5,
          vaults_room_boxed, nicolae_vaults_little_ls, v_alt_pattern_6,
          v_pattern_5, v_misc_24, nicolae_vaults_ring_of_whatevers,
          dpeg_vaults_monster_box, nicolae_vaults_network_square,
          ontoclasm_vaults_decontamination, nicolae_vaults_network_quincunx
          [nicolae_vaults_network_quincunx_subvault,
          nicolae_vaults_network_quincunx_subvault,
          nicolae_vaults_network_quincunx_subvault,
          nicolae_vaults_network_quincunx_subvault,
          nicolae_vaults_network_quincunx_subvault], nicolae_vaults_gold_heap,
          vaults_dpeg_ring, layout_vaults_omnibox, serial_shops, shop_fountains
Vaults:3: minmay_crypt_entry_necro_gods, ontoclasm_vaults_ring_square,
          vaults_room_door_ring, kb_rosetta, vaults_mumra_hex, v_misc_3,
          vaults_mumra_chevron_long, ontoclasm_vaults_ring_square,
          layout_vaults_omnigrid
Vaults:4: gammafunk_vaults_ghost_spectres, hangedman_vaults_maws,
          ontoclasm_vaults_tryst, nicolae_vaults_know_your_exits,
          v_alt_pattern_3, hangedman_vaults_locks, ontoclasm_vaults_hangar,
          vaults_dpeg_hooks, v_misc_28, vaults_room_stairs_pillars,
          vaults_dpeg_spiral, hangedman_vaults_nails, v_misc_1,
          grunt_vaults_twisty, layout_vaults_omnicross, serial_shops,
          nicolae_shop_behind_doors, uniq_xtahua, uniq_margery
Vaults:5
Crypt:1:  layout_rooms, gammafunk_ghost_crypt, amcnicky_mini_corridor_feature,
          grunt_crypt_arrival_split
Crypt:2:  layout_rooms, ebering_ghost_xom, st_stairs_1, grunt_ministairs_13,
          lemuel_upstairs_altar, uniq_khufu
Depths:1: minmay_the_grid_four_pointed_star
          [minmay_the_grid_triangle_9x9_dagger,
          minmay_the_grid_triangle_9x9_limited_checkers,
          minmay_the_grid_triangle_9x9_fully_insulated_deathbox,
          minmay_the_grid_triangle_9x9_warning,
          minmay_the_grid_prize_trominoes], layout_gridlike, pf_coc_iceberg,
          abyss_entry, minmay_misc_feat_x, nicolae_island_escapes
Depths:2: kennysheep_bubbly, layout_cave_pools, mu_enter_wizlab_7, hell_entry,
          minmay_room_of_horrors, infiniplex_staircase_pool_lava,
          minmay_liquid_box, nicolae_two_hexagons, xom_confusion_cloud
Depths:3: minmay_inside_and_out, layout_cave_pools, pan_entry,
          wad_floor_pattern_2, grunt_hell_entry_dis_grunt
Depths:4: cheibrodos_birdhouse, layout_cave_shapes, hell_entry,
          minmay_parallelograms, abyss_entry, serial_bayou, serial_bayou_lake_a,
          serial_bayou_pond_a, serial_bayou_pond_b, serial_bayou_pond_d,
          serial_bayou_pond_d, serial_shops, bzr_entry_lakeside, firewood_loft,
          uniq_boris, uniq_enchantress, uniq_mara
Depths:5: evilmike_zot_entry_diamond, layout_small_grid, enter_ziggurat_d,
          hell_entry, okawaru_trees_2, zin_purify
Hell
Zot:1:    lemuel_acid_trip, layout_concentric_octagons
Zot:2:    minmay_elemental_castle, layout_basic, grunt_megastairs_5
Zot:3:    layout_concentric_octagons, amethyst_zot_foddershock
Zot:4:    layout_gridlike, grunt_megastairs_1, lemuel_elevator
Zot:5:    layout_basic, guppyfry_library_mini

Skill      XL: |  1  2  3  4  5  6  7  8  9 10 11 12 13 14 15 16 17 18 19 20 21 22 23 24 25 26 27 |
---------------+----------------------------------------------------------------------------------+-----
Unarmed Combat | 3 4 5 7 9 11 13 14 15 17 18 19 21 23 25 26 27 | 27.0
Fighting       | 3 4 5 6 7 9 10 11 12 14 15 16 | 16.9
Dodging        | 3 |  3.3
Armour         | 3 6 9 11 12 13 16 17 | 17.8
Evocations     | 2 3 6 7 |  7.5
Throwing       | 4 8 9 10 11 12 13 14 16 17 | 17.0
Translocations | 4 |  4.2
Shields        | 10 13 15 | 15.0
Stealth        | |  2.7

Action                   |  1- 3 |  4- 6 |  7- 9 | 10-12 | 13-15 | 16-18 | 19-21 | 22-24 | 25-27 || total
-------------------------+-------+-------+-------+-------+-------+-------+-------+-------+-------++-------
Melee: Unarmed           |    41 |   144 |   259 |   454 |  1221 |  1773 |  1667 |  1039 |  1545 ||  8143
       Punch             |       |     2 |    10 |    43 |   121 |     3 |       |       |       ||   179
Throw: Boomerang         |       |       |    33 |    32 |   116 |    54 |    18 |     7 |    22 ||   282
       Javelin           |       |       |       |       |     8 |    12 |       |    14 |    64 ||    98
       Throwing net      |       |       |       |       |       |       |     3 |       |       ||     3
       Large rock        |       |       |       |       |       |       |       |       |     8 ||     8
Invok: Call Merchant     |       |       |       |     1 |     1 |     1 |     3 |     2 |       ||     8
       Potion Petition   |       |       |       |     1 |       |       |       |       |     1 ||     2
       Bribe Branch      |       |       |       |       |       |       |       |       |     3 ||     3
Evoke: Wand              |       |       |       |    25 |    20 |       |     7 |     5 |     7 ||    64
       Phial of floods   |       |       |       |       |       |       |       |       |     1 ||     1
       Phantom mirror    |       |       |       |       |       |       |       |       |     1 ||     1
  Use: Potion            |       |     1 |     1 |       |     3 |     2 |     4 |     3 |    13 ||    27
       Scroll            |       |     1 |     4 |     9 |    10 |    10 |     7 |     5 |    21 ||    67
 Stab: Sleeping          |     1 |     5 |     5 |     3 |     1 |    18 |     8 |     2 |     4 ||    47
       Distracted        |       |       |       |     1 |     9 |    17 |    11 |     5 |    25 ||    68
       Invisible         |       |       |       |       |     5 |       |       |       |       ||     5
       Petrified         |       |       |       |       |     6 |       |       |       |       ||     6
       Fleeing           |       |       |       |       |       |     1 |       |       |       ||     1
       Held in net/web   |       |       |       |       |       |     1 |     1 |       |       ||     2
       Confused          |       |       |       |       |       |       |       |       |     1 ||     1
Armor: Robe              |     9 |    35 |    91 |    14 |       |       |       |       |       ||   149
       Acid dragon scale |       |       |       |   180 |   536 |     9 |       |       |       ||   725
       Shadow dragon sca |       |       |       |       |       |   560 |   324 |   201 |   290 ||  1375
Dodge: Dodged            |    11 |    49 |   102 |   250 |   436 |   193 |   133 |   107 |   156 ||  1437
Block: Other             |       |       |       |       |    72 |     4 |       |       |       ||    76
       Reflection        |       |       |       |       |     3 |   123 |    38 |    15 |    27 ||   206
       Kite shield       |       |       |       |       |       |   252 |       |       |       ||   252
       Tower shield      |       |       |       |       |       |  1039 |  1012 |   653 |  1145 ||  3849
